Unix NetHack Version 5.0.0-0 post-release - last build Jun 10 2026 00:39:30 (3ee93aec679c4c4259841fe613dc97188e26a321,branch:main).

Game began 2026-06-28 15:29:40, ended 2026-06-28 16:35:52.

Japes, lawful male human Monk

                                                                       ---
                                                                      --.-----
                                                                      |...|-.--
                                                                      --.--...|
                                                                       -......|
                                                                       ...|..--
                                                                       -..|---
                                                                       ...|
                                                         ...   ...    -...|
                                                         .<.   .).....a@..---
                                                        -....%........aG....|
                                                        ..%..[..-----.......|
                                                         -----.--   |..|.|.--
                                                             ---    --------

Japes the Initiate              St:18/04 Dx:10 Co:11 In:9 Wi:13 Ch:10  Lawful
Dlvl:8  $:169 HP:0(55) Pw:32(32) AC:4  Xp:7/752 T:2164  Burdened

Latest messages:
 You descend the stairs.
 The gnome misses!
 You kill the gnome!
 The dwarf wields a broad pick!
 You kill the dwarf!
 You kill the gnome!
 You hit the elf zombie!
 You hit the elf zombie!
 You destroy the elf zombie!
 There are several objects here.
 m - a broad pick.
 You hit the gnome lord!
 You kill the gnome lord!
 o - a scroll called ghoti 200.
 The gnome hits!
 You hit the gnome!
 You kill the gnome!
 You see here a white gem.
 p - a white gem.
 You see here a ruby potion.
 You have a little trouble lifting a ruby potion.  Continue? [ynq] (q)
 You have a little trouble lifting q - a ruby potion.
 Your movements are slowed slightly because of your load.
 You see here a scroll labeled PHOL ENDE WODAN.
 You have a little trouble lifting r - a scroll labeled PHOL ENDE WODAN.
 You see here an orange gem.
 You have a little trouble lifting s - an orange gem.
 You hit the giant ant!
 The giant ant misses!
 You kill the giant ant!
 The giant ant bites!
 The gnome lord hurls a magenta potion!
 The phial crashes on your head and breaks into shards.
 The magenta potion evaporates.
 Something seems to be holding you.
 The giant ant bites!
 The gnome lord swings his morning star named Trollsbane.
 The gnome lord hits!
 The giant ant bites!
 The giant ant bites!
 The gnome lord swings his morning star named Trollsbane.
 The gnome lord hits!
 The giant ant bites!
 The giant ant bites!
 The giant ant bites!
 The gnome lord swings his morning star named Trollsbane.
 The gnome lord hits!
 You die...
 Do you want your possessions identified? [ynq] (y)
 Do you want to see your attributes? [ynq] (y)

Inventory:
 Coins    ('$')
  $ - 169 gold pieces
 Weapons  (')')
  d - 10 +0 daggers
  T - 3 cursed -1 daggers
  m - a +0 dwarvish mattock
 Armor    ('[')
  a - an uncursed +2 pair of leather gloves (being worn)
  b - an uncursed +1 robe (being worn)
 Comestibles  ('%')
  f - 5 uncursed apples
  X - an uncursed cram ration
  e - 5 uncursed food rations
  h - 3 uncursed fortune cookies
  g - 7 uncursed oranges
  Y - an uncursed tripe ration
  j - an uncursed egg
  I - an uncursed lichen corpse
 Scrolls  ('?')
  c - an uncursed scroll of confuse monster
  o - an uncursed scroll of create monster
  V - an uncursed scroll of earth
  t - an uncursed scroll of enchant weapon
  r - a cursed scroll of enchant weapon
  Q - an uncursed scroll of teleportation
 Spellbooks  ('+')
  i - a blessed spellbook of confuse monster
  S - an uncursed spellbook of wizard lock
 Potions  ('!')
  A - 5 uncursed potions of healing
  L - an uncursed potion of object detection
  q - an uncursed potion of oil
  k - an uncursed potion of restore ability
  M - an uncursed potion of see invisible
 Rings    ('=')
  H - an uncursed +0 ring of gain constitution (on right hand)
 Wands    ('/')
  W - a wand of cancellation (0:7)
  P - a wand of opening (0:8)
 Tools    ('(')
  B - an uncursed blindfold
  n - an uncursed magic whistle
  v - an uncursed mirror
  K - an uncursed skeleton key
 Gems/Stones  ('*')
  N - an uncursed diamond
  G - an uncursed jet stone
  O - an uncursed opal
  U - an uncursed ruby
  F - 2 uncursed worthless pieces of black glass
  D - 2 uncursed worthless pieces of blue glass
  s - an uncursed worthless piece of orange glass
  u - an uncursed worthless piece of red glass
  w - 2 uncursed worthless pieces of violet glass
  p - an uncursed worthless piece of white glass
  y - 4 uncursed worthless pieces of yellowish brown glass
  l - an uncursed flint stone

Japes the Monk's attributes:

Background:
 You were an Initiate, a level 7 male human Monk.
 You were lawful, on a mission for Shan Lai Ching
 who was opposed by Chih Sung-tzu (neutral) and Huan Ti (chaotic).
 You were right-handed.
 You were in the Gnomish Mines, on level 8.
 You entered the dungeon 2164 turns ago.
 You had 752 experience points, 528 more were needed to attain level 8.

Basics:
 You had 0 out of 55 hit points.
 You had all 32 energy points (spell power).
 Your armor class was 4.
 Your wallet contained 169 zorkmids.
 Autopickup was on for '$' plus thrown.

Final Characteristics:
 Your strength was 18/04 (limit:18/100).
 Your dexterity was 10 (limit:18).
 Your constitution was 11 (limit:18).
 Your intelligence was 9 (limit:18).
 Your wisdom was 13 (limit:18).
 Your charisma was 10 (limit:18).

Final Status:
 You weren't hungry.
 You were burdened; movement was slightly slowed.
 You were empty handed.
 You had basic skill with martial arts and could have enhanced that.

Final Attributes:
 You were piously aligned.
 You were sleep resistant.
 You were poison resistant.
 You saw invisible.
 You were warned.
 You were stealthy.
 You were guarded.
 Your spell casting was enhanced by wearing a robe.
 You were fast.
 You are dead.

Miscellaneous:
 You didn't encounter any bones levels.
 Total elapsed playing time was 49 minutes and 26 seconds.

Major events:
 Turn
    1: Japes the lawful male human Monk entered the dungeon
  423: entered the Gnomish Mines
  434: attained the rank of Novice (level 3)
  998: reached Mine Town
 1275: attained the rank of Initiate (level 6)
 2162: found Trollsbane carried by a monster
 2164: killed by a gnome lord, while frozen by a potion

Spells:
 Name                 Level Category     Fail Retention
 confuse monster        1   enchantment    0%  76%-100%

Skills:
 Fighting Skills
   martial arts       [Basic]
 Weapon Skills
   quarterstaff       [Unskilled]
   spear              [Unskilled]
   crossbow           [Unskilled]
   shuriken           [Unskilled]
 Spellcasting Skills
   attack spells      [Unskilled]
   healing spells     [Basic]
   divination spells  [Unskilled]
   enchantment spells [Unskilled]
   clerical spells    [Unskilled]
   escape spells      [Unskilled]
   matter spells      [Unskilled]

Voluntary challenges:
 Character rerolling was not enabled.
 You followed a strict vegan diet.
 You never hit with a wielded weapon.
 You never genocided any monsters.
 You never polymorphed an object.
 You never changed form.
 You used no wishes.
Achievements:
 You entered a shop.
 You entered the Gnomish Mines.
 You attained the rank of Novice.
 You entered Minetown.
 You entered a temple.
 You attained the rank of Initiate.

 The Dungeons of Doom: levels 1 to 3
    Level 1:
       Some fountains, a sink, a grave.
    Level 2:
       A scroll shop, a fountain, a sink, a grave.
       Stairs down to The Gnomish Mines.
    Level 3:
 The Gnomish Mines: levels 3 to 8
    Level 3:
    Level 4:
    Level 5:
       Many shops, a temple and an altar, some fountains.
    Level 6:
    Level 7:
    Level 8: <- You were here.
       Final resting place for
          you, killed by a gnome lord, while frozen by a potion.


Vanquished creatures:
  a large mimic
  a small mimic
  a gnome mummy
  a mountain nymph
  a rock piercer
  8 gnome leaders
  3 gnomish wizards
 an elf zombie
  a giant ant
  2 dwarves
  8 rothes
  a giant bat
  2 orc zombies
  a large kobold
  a hobgoblin
  2 giant rats
 37 gnomes
  a gnome zombie
  a gecko
  5 jackals
  2 foxes
  2 kobolds
  4 grid bugs
  a bat
  a lichen
  a kobold zombie
90 creatures vanquished.

No species were genocided or became extinct.

Game over:
                       ----------
                      /          \
                     /    REST    \
                    /      IN      \
                   /     PEACE      \
                  /                  \
                  |      Japes       |
                  |      169 Au      |
                  |   killed by a    |
                  |    gnome lord    |
                  |                  |
                  |                  |
                  |       2026       |
                 *|     *  *  *      | *
        _________)/\\_//(\/(/\)/\//\/|_)_______

Goodbye Japes the Monk...

You died in The Gnomish Mines on dungeon level 8 with 3511 points,
and 169 pieces of gold, after 2164 moves.
You were level 7 with a maximum of 55 hit points when you died.

